 Dungeon Crawl Stone Soup version 0.29-a0-8-g0446c0dae4 (webtiles) character file.

Game seed: 3288088645887207571

154 testman the Cudgeller (level 5, -2/54 HPs)
             Began as a Troll Berserker on Jan 27, 2022.
             Was a Believer of Trog.
             Slain by an orc warrior (15 damage)
             ... on level 3 of the Dungeon.
             The game lasted 00:04:20 (1457 turns).

testman the Cudgeller (Troll Berserker)             Turns: 1457, Time: 00:04:21

Health: -2/54      AC:  4    Str: 27    XL:     5   Next: 13%
Magic:  4/4        EV: 10    Int:  3    God:    Trog [**....]
Gold:   82         SH:  0    Dex:  9    Spells: 4/4 levels left

rFire   . . .      SeeInvis .   a - +0 mace
rCold   . . .      Faith    .   (no shield)
rNeg    . . .      Spirit   .   b - +0 animal skin
rPois   .          Reflect  .   (helmet restricted)
rElec   .          Harm     .   (no cloak)
rCorr   .          Rampage  .   (gloves unavailable)
Will    .....                   (boots unavailable)
Stlth   +.........              (no amulet)
HPRegen 0.98/turn               (no ring)
MPRegen 0.09/turn               (no ring)

@: confused
A: large, unfitting armour, claws 3, regeneration 1, shaggy fur 1, tough skin 1
a: Renounce Religion, Berserk, Trog's Hand


You were on level 3 of the Dungeon.
You worshipped Trog.
Trog was pleased with you.
You visited 1 branch of the dungeon, and saw 3 of its levels.

You collected 82 gold pieces.

Inventory:

Hand Weapons
 a - a +0 mace (weapon)
Missiles
 c - 80 stones (quivered)
 k - 5 large rocks
Armour
 b - a +0 animal skin (worn)
Scrolls
 d - 2 scrolls of identify {unknown}
 e - a scroll of immolation {unknown}
 f - a scroll of blinking {unknown}
 h - a scroll of fog {unknown}
 i - a scroll of magic mapping {unknown}
Potions
 g - a potion of ambrosia {unknown}
 j - a potion of attraction {unknown}


   Skills:
 + Level 3.8 Fighting
 + Level 4.2 Maces & Flails
 - Level 2.4 Dodging


You had 4 spell levels left.
You didn't know any spells.
Your spell library was empty.

Dungeon Overview and Level Annotations

Branches:
Dungeon (3/15)

Altars:


Innate Abilities, Weirdness & Mutations

You are too large for most types of armour.
You have claws for hands.
Your natural rate of healing is unusually fast.
You are covered in fur. (AC +1)
You have tough skin. (AC +1)


Message History

The bat barely misses you. The orc priest closely misses you.
Something hits you.
You hit the orc priest.
The orc priest is almost dead.
You feel less confused. The bat barely misses you.
The orc priest completely misses you. Something hits you.
The orc warrior hits you with a +0 hand axe!
The orc priest hits you but does no damage.
You barely miss the orc priest.
The orc priest is almost dead.
The bat hits you but does no damage. Something completely misses you.
The orc warrior barely misses you. The bat hits you but does no damage.
The orc priest closely misses you.
You hear some strange, mumbled words.
You are confused.
You sock the orc priest!
You kill the orc priest!
Trog accepts your kill. The bat barely misses you. Something hits you.
The orc warrior hits you with a +0 hand axe!
Something hits you but does no damage.
You have reached level 5!
You're too confused to move!
The bat hits you. Something hits you but does no damage.
The orc warrior hits you with a +0 hand axe!
* * * LOW HITPOINT WARNING * * *
Something hits you but does no damage. The bat barely misses you.
Something hits you but does no damage.
Okay, then.
You bump into the rock wall.
The bat hits you but does no damage.
You hear some strange, mumbled words.
A magic dart appears from out of thin air!
The magic dart hits you.
* * * LOW HITPOINT WARNING * * *
You bump into the rock wall.
The bat hits you but does no damage. Something hits you.
* * * LOW HITPOINT WARNING * * *
The orc warrior hits you with a +0 hand axe!
You die...

# ...#.#
#.#..#.#
#.#..#.## ####
....... .....
#..#.# ...# #
#....#....+
#.#..).#....##
#..<{.........
###.o@b....###
#.#......#
#.#.###### #
#.# #.# ##
#..## #.# #.
#.....#.# #.
#.....#.# #.
####.....#.#
#.


You could see an orc warrior and a bat.

Vanquished Creatures
  An orc priest (D:3)
  Jessica (D:2)
  Terence (D:2)
  2 adders
  2 worms
  A dart slug (D:1)
  2 endoplasms (D:1)
  3 giant cockroaches
  7 goblins
  5 hobgoblins
  4 kobolds
  A quokka (D:1)
  8 ball pythons
  2 bats (D:1)
  4 frilled lizards
  6 rats
50 creatures vanquished.

Vanquished Creatures (others)
  A fungus (D:1)
  A plant (D:1)
2 creatures vanquished.

Grand Total: 52 creatures vanquished

Notes
Turn   | Place    | Note
-------+----------+-------------------------------------------
     0 | D:1      | testman the Troll Berserker began the quest for the Orb.
     0 | D:1      | Reached XP level 1. HP: 22/22 MP: 0/0
   207 | D:1      | Reached skill level 3 in Maces & Flails
   207 | D:1      | Reached XP level 2. HP: 28/29 MP: 1/1
   415 | D:1      | Found a faded altar of an unknown god.
   718 | D:2      | Noticed Jessica
   722 | D:2      | Killed Jessica
   723 | D:2      | Reached XP level 3. HP: 37/37 MP: 2/2
   834 | D:2      | Reached XP level 4. HP: 45/45 MP: 3/3
  1066 | D:2      | Noticed Terence
  1079 | D:2      | Killed Terence
  1304 | D:3      | Reached skill level 4 in Maces & Flails
  1354 | D:3      | Reached ** piety under Trog
  1445 | D:3      | Noticed an orc warrior
  1454 | D:3      | Reached XP level 5. HP: 23/54 MP: 4/4
  1457 | D:3      | Slain by an orc warrior

Illustrated notes

Levels and vault maps discovered:
D:1:      evilmike_arrival_rings, layout_basic,
          shapermc_ecumenical_altar_mp_urbaneastern,
          minmay_misc_feat_four_crosses, kennysheep_decorative_pillar
D:2:      layout_basic, uniq_terence, uniq_jessica
D:3:      layout_basic, serial_shops, nicolae_shop_hallway_plus

Skill      XL: |  1  2  3  4 |
---------------+-------------+-----
Maces & Flails | 3 4 |  4.2
Fighting       | 3 |  3.8
Dodging        | |  2.4

Action                   |  1- 3 |  4- 6 || total
-------------------------+-------+-------++-------
Melee: Mace              |    76 |    70 ||   146
       Punch             |     1 |       ||     1
Invok: Berserk           |     2 |     1 ||     3
 Stab: Sleeping          |     1 |       ||     1
Armor: Animal skin       |    27 |    26 ||    53
Dodge: Dodged            |    49 |    47 ||    96

Table legend: (Time is in decaauts)
 A = Elapsed time spent in this place.
 B = Non-inter-level travel time spent in this place.
 C = Inter-level travel time spent in this place.
 D = Time resting spent in this place.
 E = Time spent auto-exploring this place.
 F = Levels seen in this place.
 G = Mean time per level.
                   A        B        C        D        E       F      G
               +--------+--------+--------+--------+--------+-----+--------+
         Total |   1518 |   1496 |     22 |     62 |   1019 |   3 |  506.0 |
       Dungeon |   1518 |   1496 |     22 |     62 |   1019 |   3 |  506.0 |
               +--------+--------+--------+--------+--------+-----+--------+

Top non-repeatable levels by time:
     D:1: 740 daAuts
     D:2: 558 daAuts
     D:3: 220 daAuts
